TOP OF THE 1ST |
Norfolk Cruisers batting - Pitching for Chicago Gold Sox : RHP Guillermo Pérez
|
Pitching: RHP Guillermo Pérez
|
|
Batting: RHB Xie-li Kan
|
0-0: Ball 1-0: Ball 2-0: Called Strike 2-1: Foul Ball, location: 2F 2-2: Ball 3-2: Strikes out looking
|
Batting: RHB Bill Childers
|
0-0: Foul Ball, location: 2F 0-1: Ball 1-1: Called Strike 1-2: DOUBLE (Line Drive, 7LD)
|
Batting: RHB Steven Talley
|
0-0: Called Strike 0-1: Swinging Strike 0-2: Ball 1-2: Ground out 5-3 (Groundball, 56)
|
Batting: RHB Terry Sylvester
|
0-0: Called Strike 0-1: Swinging Strike 0-2: Ground out 1-3 (Groundball, 15S)
|
Top of the 1st over - 0 run(s), 1 hit(s), 0 error(s), 1 left on base; Norfolk 0 - Chicago 0 |
BOTTOM OF THE 1ST |
Chicago Gold Sox batting - Pitching for Norfolk Cruisers : LHP Allen Blair
|
Pitching: LHP Allen Blair
|
|
Batting: RHB John Farrell
|
0-0: Called Strike 0-1: Ball 1-1: Ball 2-1: Ground out 4-3 (Groundball, 4M)
|
Batting: RHB Juan Orozco
|
0-0: Ball 1-0: Ball 2-0: Ball 3-0: Called Strike 3-1: Called Strike 3-2: Strikes out swinging
|
Batting: RHB Craig Stewart
|
0-0: Called Strike 0-1: Ball 1-1: Foul Ball, location: 2F 1-2: Strikes out looking
|
Bottom of the 1st over - 0 run(s), 0 hit(s), 0 error(s), 0 left on base; Norfolk 0 - Chicago 0 |
TOP OF THE 2ND |
Norfolk Cruisers batting - Pitching for Chicago Gold Sox : RHP Guillermo Pérez
|
Batting: RHB Jorge Gómez
|
0-0: Ball 1-0: Swinging Strike 1-1: Ball 2-1: Ground out 1-3 (Groundball, 15)
|
Batting: SHB Stephen Baldwin
|
0-0: Foul Ball, location: 2F 0-1: Ball 1-1: Ball Reached via error on a dropped throw, E1
|
Batting: RHB Floyd Mitchell
|
0-0: Ball Pickoff Throw to First - Out! 1-0: Foul Ball, location: 2F 1-1: Ground out 6-3 (Groundball, 56)
|
Top of the 2nd over - 0 run(s), 0 hit(s), 1 error(s), 0 left on base; Norfolk 0 - Chicago 0 |
BOTTOM OF THE 2ND |
Chicago Gold Sox batting - Pitching for Norfolk Cruisers : LHP Allen Blair
|
Batting: LHB Noel Ballard
|
0-0: Ball 1-0: Ball 2-0: Ground out 6-3 (Groundball, 6)
|
Batting: RHB Wayne Bannatyne
|
0-0: Ball 1-0: Ball 2-0: Foul Ball, location: 2F 2-1: Foul Ball, location: 2F 2-2: Foul Ball, location: 2F 2-2: Strikes out swinging, 2-3 out at first.
|
Batting: RHB Mike Brown
|
0-0: SINGLE (Line Drive, 78S)
|
Batting: RHB Carlos Vera
|
0-0: Ball 1-0: Called Strike 1-1: Called Strike 1-2: Ball 2-2: Fly out, F7 (Flyball, 7M)
|
Bottom of the 2nd over - 0 run(s), 1 hit(s), 0 error(s), 1 left on base; Norfolk 0 - Chicago 0 |
TOP OF THE 3RD |
Norfolk Cruisers batting - Pitching for Chicago Gold Sox : RHP Guillermo Pérez
|
Batting: RHB Matt Sheppard
|
0-0: Ball 1-0: Ball 2-0: Called Strike 2-1: Fly out, F9 (Flyball, 9S)
|
Batting: RHB Allen Blair
|
0-0: Called Strike 0-1: Ball 1-1: Ball 2-1: Fly out, F4 (Popup, 34D)
|
Batting: RHB Xie-li Kan
|
0-0: Called Strike 0-1: Called Strike 0-2: Ball 1-2: SINGLE (Groundball, 5L)
|
Batting: RHB Bill Childers
|
0-0: Ball 1-0: Called Strike 1-1: Ball 2-1: Called Strike 2-2: Ball 3-2: Foul Ball, location: 2F 3-2: Strikes out looking
|
Top of the 3rd over - 0 run(s), 1 hit(s), 0 error(s), 1 left on base; Norfolk 0 - Chicago 0 |
BOTTOM OF THE 3RD |
Chicago Gold Sox batting - Pitching for Norfolk Cruisers : LHP Allen Blair
|
Batting: RHB Kyle Myers
|
0-0: Ball 1-0: Fly out, F8 (Flyball, 8RXD)
|
Batting: RHB Guillermo Pérez
|
0-0: Ball 1-0: Ball 2-0: Ball 3-0: Called Strike 3-1: Swinging Strike 3-2: Strikes out swinging
|
Batting: RHB John Farrell
|
0-0: Called Strike 0-1: Ball 1-1: Ball 2-1: Ball 3-1: Base on Balls
|
Batting: RHB Juan Orozco
|
0-0: Ball 1-0: Called Strike 1-1: Foul Ball, location: 2F 1-2: Strikes out swinging
|
Bottom of the 3rd over - 0 run(s), 0 hit(s), 0 error(s), 1 left on base; Norfolk 0 - Chicago 0 |
TOP OF THE 4TH |
Norfolk Cruisers batting - Pitching for Chicago Gold Sox : RHP Guillermo Pérez
|
Batting: RHB Steven Talley
|
0-0: Ball 1-0: Ball 2-0: SINGLE (Line Drive, 89S)
|
Batting: RHB Terry Sylvester
|
0-0: Called Strike 0-1: Ball 1-1: Ball 2-1: Fly out, F5 (Popup, 56)
|
Batting: RHB Jorge Gómez
|
0-0: Called Strike 0-1: Ball 1-1: Foul Ball, location: 2F 1-2: Ball 2-2: Foul Ball, location: 2F 2-2: Strikes out looking
|
Batting: SHB Stephen Baldwin
|
0-0: Ground out 2-3 (Groundball, 23)
|
Top of the 4th over - 0 run(s), 1 hit(s), 0 error(s), 1 left on base; Norfolk 0 - Chicago 0 |
BOTTOM OF THE 4TH |
Chicago Gold Sox batting - Pitching for Norfolk Cruisers : LHP Allen Blair
|
Batting: RHB Craig Stewart
|
0-0: Ball 1-0: Swinging Strike 1-1: Ball 2-1: Fly out, F6 (Popup, 7LS)
|
Batting: LHB Noel Ballard
|
0-0: Called Strike 0-1: Called Strike 0-2: Ball 1-2: Ball 2-2: Foul Ball, location: 2F 2-2: SINGLE (Groundball, 5D)
|
Batting: RHB Wayne Bannatyne
|
0-0: Called Strike Noel Ballard steals 2nd base 0-1: Fly out, F2 (Popup, 23F)
|
Batting: RHB Mike Brown
|
0-0: Ball 1-0: Swinging Strike 1-1: Foul Ball, location: 2F 1-2: Ball 2-2: Fly out, F7 (Flyball, 78M)
|
Bottom of the 4th over - 0 run(s), 1 hit(s), 0 error(s), 1 left on base; Norfolk 0 - Chicago 0 |
TOP OF THE 5TH |
Norfolk Cruisers batting - Pitching for Chicago Gold Sox : RHP Guillermo Pérez
|
Batting: RHB Floyd Mitchell
|
0-0: Called Strike 0-1: Swinging Strike 0-2: Fly out, F7 (Line Drive, 7M)
|
Batting: RHB Matt Sheppard
|
0-0: Called Strike 0-1: Swinging Strike 0-2: Foul Ball, location: 2F 0-2: Strikes out swinging
|
Batting: RHB Allen Blair
|
0-0: Called Strike 0-1: Ball 1-1: Swinging Strike 1-2: Strikes out swinging
|
Top of the 5th over - 0 run(s), 0 hit(s), 0 error(s), 0 left on base; Norfolk 0 - Chicago 0 |
BOTTOM OF THE 5TH |
Chicago Gold Sox batting - Pitching for Norfolk Cruisers : LHP Allen Blair
|
Batting: RHB Carlos Vera
|
0-0: Ground out 6-3 (Groundball, 6)
|
Batting: RHB Kyle Myers
|
0-0: Ground out 1-3 (Groundball, 13S)
|
Batting: RHB Guillermo Pérez
|
0-0: Ball 1-0: Foul Ball, location: 2F 1-1: Foul Ball, location: 2F 1-2: Foul Ball, location: 2F 1-2: Foul Ball, location: 2F 1-2: Strikes out swinging
|
Bottom of the 5th over - 0 run(s), 0 hit(s), 0 error(s), 0 left on base; Norfolk 0 - Chicago 0 |
TOP OF THE 6TH |
Norfolk Cruisers batting - Pitching for Chicago Gold Sox : RHP Guillermo Pérez
|
Batting: RHB Xie-li Kan
|
0-0: Called Strike 0-1: Ball 1-1: Foul Ball, location: 2F 1-2: Ground out 6-3 (Groundball, 56)
|
Batting: RHB Bill Childers
|
0-0: Foul Ball, location: 2F 0-1: Called Strike 0-2: Foul Ball, location: 2F 0-2: Ball 1-2: Ball 2-2: Ball 3-2: SOLO HOME RUN (Line Drive, 89XD), Distance : 405 ft
|
Batting: RHB Steven Talley
|
0-0: Ball 1-0: Ball 2-0: Foul Ball, location: 2F 2-1: Ball 3-1: Foul Ball, location: 2F 3-2: Fly out, F7 (Flyball, 78M)
|
Batting: RHB Terry Sylvester
|
0-0: Fly out, F7 (Flyball, 78S)
|
Top of the 6th over - 1 run(s), 1 hit(s), 0 error(s), 0 left on base; Norfolk 1 - Chicago 0 |
BOTTOM OF THE 6TH |
Chicago Gold Sox batting - Pitching for Norfolk Cruisers : LHP Allen Blair
|
Batting: RHB John Farrell
|
0-0: Foul Ball, location: 2F 0-1: Ball 1-1: Ground out 1-3 (Groundball, 13)
|
Batting: RHB Juan Orozco
|
0-0: Ball 1-0: Foul Ball, location: 2F 1-1: Ground out U3 (Groundball, 3L)
|
Batting: RHB Craig Stewart
|
0-0: Called Strike 0-1: Ball 1-1: Ball 2-1: Hit by Pitch
|
Batting: LHB Noel Ballard
|
0-0: Ball 1-0: Foul Ball, location: 2F 1-1: SINGLE (Line Drive, 9S) Craig Stewart to second
|
Batting: RHB Wayne Bannatyne
|
0-0: Ball 1-0: Ball 2-0: Ball 3-0: Base on Balls Craig Stewart to third Noel Ballard to second
|
Batting: RHB Mike Brown
|
0-0: Ball 1-0: Ball 2-0: Swinging Strike 2-1: Ball 3-1: Base on Balls Craig Stewart scores Noel Ballard to third Wayne Bannatyne to second
|
Batting: RHB Carlos Vera
|
0-0: Ball 1-0: Swinging Strike 1-1: Ball 2-1: Called Strike 2-2: Fly out, F8 (Flyball, 8RD)
|
Bottom of the 6th over - 1 run(s), 1 hit(s), 0 error(s), 3 left on base; Norfolk 1 - Chicago 1 |
TOP OF THE 7TH |
Norfolk Cruisers batting - Pitching for Chicago Gold Sox : RHP Guillermo Pérez
|
Batting: RHB Jorge Gómez
|
0-0: Called Strike 0-1: Ball 1-1: Fly out, F2 (Popup, 23F)
|
Batting: SHB Stephen Baldwin
|
0-0: Ball 1-0: Ground out 6-3 (Groundball, 6)
|
Batting: RHB Floyd Mitchell
|
0-0: Called Strike 0-1: Ball 1-1: Ball 2-1: Ball 3-1: Foul Ball, location: 2F 3-2: Foul Ball, location: 2F 3-2: Base on Balls
|
Pitching: RHP Justin Reynolds
|
|
Now in RF: Earl Ellis
|
|
Pinch Hitting: RHB David Gómez
|
0-0: Ball 1-0: Ball 2-0: Ball 3-0: Base on Balls Floyd Mitchell to second
|
Pinch Hitting: SHB Bill Becker
|
0-0: Foul Ball, location: 2F 0-1: Ball 1-1: Called Strike 1-2: Foul Ball, location: 2F 1-2: Hit by Pitch Floyd Mitchell to third David Gómez to second
|
Batting: RHB Xie-li Kan
|
0-0: Foul Ball, location: 2F 0-1: Ball 1-1: Swinging Strike 1-2: Ball 2-2: Ball 3-2: DOUBLE (Line Drive, 7LD) Floyd Mitchell scores David Gómez scores Bill Becker to third Bill Becker scores
|
Pitching: RHP John Hicks
|
|
Batting: RHB Bill Childers
|
0-0: Called Strike 0-1: Ground out 6-3 (Groundball, 6)
|
Top of the 7th over - 3 run(s), 1 hit(s), 0 error(s), 1 left on base; Norfolk 4 - Chicago 1 |
BOTTOM OF THE 7TH |
Chicago Gold Sox batting - Pitching for Norfolk Cruisers : LHP Allen Blair
|
Pitching: LHP Cody Brown
|
|
Now at 1B: Mal Phillips
|
|
Batting: RHB Kyle Myers
|
0-0: Called Strike 0-1: Foul Ball, location: 2F 0-2: Ball 1-2: Ground out 4-3 (Groundball, 4M)
|
Batting: LHB Earl Ellis
|
0-0: Ball 1-0: Swinging Strike 1-1: Ball 2-1: Ball 3-1: Base on Balls
|
Batting: RHB John Farrell
|
0-0: 2-RUN HOME RUN (Flyball, 89XD), Distance : 402 ft
|
Batting: RHB Juan Orozco
|
0-0: Ball 1-0: Ball 2-0: Called Strike 2-1: Foul Ball, location: 2F 2-2: Fly out, F8 (Flyball, 8LM)
|
Batting: RHB Craig Stewart
|
0-0: Foul Ball, location: 2F 0-1: SINGLE (Groundball, 6MD)
|
Batting: LHB Noel Ballard
|
0-0: Called Strike 0-1: SINGLE (Groundball, 34D) Craig Stewart to second Runner from 2nd tries for 3rd, SAFE, throw made to third
|
Batting: RHB Wayne Bannatyne
|
0-0: Ball 1-0: Ball 2-0: Ground out 6-3 (Groundball, 6)
|
Bottom of the 7th over - 2 run(s), 3 hit(s), 0 error(s), 2 left on base; Norfolk 4 - Chicago 3 |
TOP OF THE 8TH |
Norfolk Cruisers batting - Pitching for Chicago Gold Sox : RHP John Hicks
|
Batting: RHB Steven Talley
|
0-0: Foul Ball, location: 2F 0-1: SINGLE (Line Drive, 9S)
|
Batting: RHB Terry Sylvester
|
0-0: Called Strike 0-1: Swinging Strike 0-2: Ball 1-2: Ball 2-2: Strikes out swinging
|
Batting: RHB Jorge Gómez
|
0-0: Ball Steven Talley steals 2nd base 1-0: Intentional Walk
|
Batting: SHB Stephen Baldwin
|
0-0: Foul Ball, location: 2F 0-1: Swinging Strike 0-2: Ball 1-2: Strikes out swinging
|
Batting: RHB Floyd Mitchell
|
0-0: 3-RUN HOME RUN (Line Drive, 89XD), Distance : 424 ft
|
Batting: RHB Mal Phillips
|
0-0: Ball 1-0: Called Strike 1-1: Foul Ball, location: 2F 1-2: Strikes out swinging
|
Top of the 8th over - 3 run(s), 2 hit(s), 0 error(s), 0 left on base; Norfolk 7 - Chicago 3 |
BOTTOM OF THE 8TH |
Chicago Gold Sox batting - Pitching for Norfolk Cruisers : LHP Cody Brown
|
Batting: RHB Mike Brown
|
0-0: Foul Ball, location: 2F 0-1: Ball 1-1: Foul Ball, location: 2F 1-2: Fly out, F8 (Flyball, 8LD)
|
Pinch Hitting: LHB Vicente Martínez
|
0-0: Called Strike 0-1: Swinging Strike 0-2: Ball 1-2: SINGLE (Groundball, 6M)
|
Batting: RHB Kyle Myers
|
0-0: Ball 1-0: Ball 2-0: Called Strike 2-1: Ball 3-1: Base on Balls Vicente Martínez to second
|
Pitching: LHP Denver Johnston
|
|
Batting: LHB Earl Ellis
|
0-0: Ball 1-0: Ball 2-0: Called Strike 2-1: Ball 3-1: Called Strike 3-2: Foul Ball, location: 2F 3-2: Foul Ball, location: 2F 3-2: Fly out, F7 (Flyball, 7S)
|
Pitching: RHP Carlos Rúbio
|
|
Batting: RHB John Farrell
|
0-0: Ball 1-0: Ball 2-0: Called Strike 2-1: SINGLE (Groundball, 56D) Vicente Martínez to third Kyle Myers to second
|
Batting: RHB Juan Orozco
|
0-0: Ground out U3 (Groundball, 3S)
|
Bottom of the 8th over - 0 run(s), 2 hit(s), 0 error(s), 3 left on base; Norfolk 7 - Chicago 3 |
TOP OF THE 9TH |
Norfolk Cruisers batting - Pitching for Chicago Gold Sox : RHP John Hicks
|
Pitching: LHP Fernando Castro
|
|
Pinch Hitting: RHB Félix Flores
|
0-0: Ball 1-0: Ball 2-0: Called Strike 2-1: Foul Ball, location: 2F 2-2: Ground out 3-1 (Groundball, 34S)
|
Pitching: RHP Mike Heller
|
|
Batting: RHB Xie-li Kan
|
0-0: Ball 1-0: Fly out, F4 (Line Drive, 4)
|
Batting: RHB Bill Childers
|
0-0: Called Strike 0-1: Ball 1-1: Foul Ball, location: 2F 1-2: Ball 2-2: Fly out, F8 (Flyball, 89S)
|
Top of the 9th over - 0 run(s), 0 hit(s), 0 error(s), 0 left on base; Norfolk 7 - Chicago 3 |
BOTTOM OF THE 9TH |
Chicago Gold Sox batting - Pitching for Norfolk Cruisers : RHP Carlos Rúbio
|
Pitching: RHP John Green
|
|
Batting: RHB Craig Stewart
|
0-0: Foul Ball, location: 2F 0-1: Ball 1-1: Ball 2-1: Ground out 6-3 (Groundball, 6)
|
Batting: LHB Noel Ballard
|
0-0: Ball 1-0: Ball 2-0: Ball 3-0: Base on Balls
|
Batting: RHB Wayne Bannatyne
|
0-0: Ball 1-0: Grounds into double play, 6-4-3 (Groundball, 6)
|
Bottom of the 9th over - 0 run(s), 0 hit(s), 0 error(s), 0 left on base; Norfolk 7 - Chicago 3 |
|